 Dungeon Crawl Stone Soup version 0.19-a0-1490-g5dd3618 (webtiles) character file.

394 epen the Ducker (level 6, -8/32 HPs)
             Began as a Spriggan Monk on Sept 8, 2016.
             Mangled by an ogre
             ... wielding a +0 giant club
              (21 damage)
             ... on level 4 of the Dungeon.
             The game lasted 00:05:10 (4752 turns).

epen the Ducker (Spriggan Monk)                     Turns: 4752, Time: 00:05:10

Health: -8/32      AC:  2    Str: 10 (12) XL:     6   Next: 52%
Magic:  7/7        EV: 21    Int: 12 (13) God:
Gold:   74         SH:  0    Dex: 17 (19) Spells: 0 memorised, 5 levels left

rFire  . . .     SeeInvis +     a - +0 short sword
rCold  . . .     Gourm    .     b - +0 robe
rNeg   . . .     Faith    .     (shield restricted)
rPois  .         Spirit   .     (helmet restricted)
rElec  .         Dismiss  .     (no cloak)
rCorr  .         Reflect  .     (gloves unavailable)
MR     +....     Harm     .     (boots unavailable)
Stlth  +++.......               (no amulet)
                                (no ring)
                                (no ring)

@: mighty, very quick
A: unfitting armour, see invisible, herbivore 3, speed 3, slow metabolism 2
a: no special abilities


You were on level 4 of the Dungeon.
You were not hungry.

You visited 1 branch of the dungeon, and saw 4 of its levels.

You collected 74 gold pieces.

Inventory:

Hand Weapons
 a - a +0 short sword (weapon)
Missiles
 h - 23 poisoned needles
Armour
 b - a +0 robe (worn)
Scrolls
 d - 2 scrolls of teleportation {unknown}
 e - a scroll of noise {unknown}
 f - 10 scrolls of identify {unknown}
 i - a scroll of blinking {unknown}
 j - 2 scrolls of immolation {unknown}
 l - a scroll of magic mapping {unknown}
 n - a scroll of fear {unknown}
 q - 2 scrolls of random uselessness {unknown}
 s - a scroll of amnesia {unknown}
Potions
 g - 3 potions of heal wounds
 r - a potion of brilliance {unknown}
Comestibles
 c - a bread ration
 o - 7 fruits


   Skills:
 * Level 3.6 Fighting
 * Level 5.2 Short Blades
 + Level 2.0 Throwing
 + Level 5.7 Dodging
 + Level 5.4 Stealth


You had 5 spell levels left.
You didn't know any spells.

Dungeon Overview and Level Annotations

Branches:
Dungeon (4/15)
 Temple: D:4-7

Altars:


Innate Abilities, Weirdness & Mutations

You are tiny and cannot use many weapons and most armour.
You have supernaturally acute eyesight. (SInv)
You are a herbivore.
You cover ground extremely quickly.
You need consume almost no food.


Message History

You kill the killer bee!
Your Throwing skill increases to level 2!
* * * LOW HITPOINT WARNING * * *
You feel sick. The killer bee barely misses you.
It was a potion of degeneration.
There was something very wrong with that liquid.
You feel weakened.
You feel dopey.
You feel clumsy.
* * * LOW HITPOINT WARNING * * *
You feel sick. The killer bee misses you. The killer bee completely misses you.
It was a potion of curing.
You feel better.
The killer bee stings you but does no damage.
The killer bee closely misses you.
You hit the killer bee.
The killer bee is lightly wounded.
The killer bee misses you. x2
You puncture the killer bee!
You kill the killer bee!
The ogre hits you with a giant club!!
Ouch! That really hurt!
You die...

#####. ####
...... ...
##### ######.#
.# #...yl.#
############.#
#.####.#
...........#.#
#O# ..O
##########.#.#
#@# ##y#
........#.#
#.# .#
######..#.#
#.# #
#..#.###.#
#.....##.###
#..........#
#.#...#.##.#
#.#####.# .#
#. #.. .


You could see an ogre.

Vanquished Creatures
  4 killer bees (D:4)
  A hound (D:4)
  An orc wizard (D:3)
  7 adders
  2 worms (D:2)
  A dart slug (D:2)
  3 giant geckos
  6 orcs
  A ball python (D:3)
  11 bats
  2 giant cockroaches
  3 goblins
  14 hobgoblins
  3 jackals (D:2)
  2 quokkas
  7 giant newts
  7 kobolds
  9 rats
84 creatures vanquished.

Notes
Turn   | Place    | Note
-------+----------+-------------------------------------------
     0 | D:1      | epen the Spriggan Monk began the quest for the Orb.
     0 | D:1      | Reached XP level 1. HP: 11/11 MP: 2/2
   263 | D:1      | Reached XP level 2. HP: 16/16 MP: 3/3
  1261 | D:2      | Reached XP level 3. HP: 17/19 MP: 4/4
  1579 | D:2      | Reached skill level 1 in Throwing
  1784 | D:2      | Reached skill level 5 in Dodging
  1784 | D:2      | Reached XP level 4. HP: 21/23 MP: 5/5
  2075 | D:2      | Found a faded altar of an unknown god.
  3220 | D:3      | Reached XP level 5. HP: 28/28 MP: 6/6
  3635 | D:3      | HP: 1/28 [orc wizard/magic dart (5)]
  4713 | D:4      | Noticed an ogre
  4741 | D:4      | Reached skill level 5 in Short Blades
  4741 | D:4      | Reached skill level 5 in Stealth
  4741 | D:4      | Reached XP level 6. HP: 14/32 MP: 7/7
  4752 | D:4      | Mangled by an ogre

Vault maps used:
D:1:      minmay_arrival_open_corners
D:2:      ecumenical_altar_2, serial_park_tiny_1
D:3:      first_bread
D:4:      kennysheep_mini, led_xom_imps

Skill      XL: |  1  2  3  4  5  6 |
---------------+-------------------+-----
Stealth        | 4 5 |  5.4
Throwing       | 1 2 |  2.0
Dodging        | 5 |  5.7
Short Blades   | 4 5 |  5.2
Fighting       | 3 |  3.6

Action                   |  1- 3 |  4- 6 || total
-------------------------+-------+-------++-------
Melee: Short sword       |   157 |   280 ||   437
  Use: Potion            |       |     4 ||     4
 Stab: Sleeping          |    10 |    11 ||    21
       Distracted        |     1 |       ||     1
  Eat: Bread ration      |       |     1 ||     1
Armor: Robe              |    11 |    20 ||    31
Dodge: Dodged            |   143 |   221 ||   364
